 Dungeon Crawl Stone Soup version 0.28-b1-1-g3c77fb2ed1 (webtiles) character file.

Game seed: 6340858786322393911

51 croobank the Firebug (level 3, -2/19 (21) HPs)
             Began as an Octopode Fire Elementalist on Jan 30, 2022.
             Slain by an orc (5 damage)
             ... on level 2 of the Dungeon.
             The game lasted 00:07:54 (2874 turns).

croobank the Firebug (Octopode Fire Elementalist)   Turns: 2874, Time: 00:07:55

HP:   -2/19 (21)    AC:  1    Str:  7    XL:     3   Next: 83%
MP:   0/6           EV: 13    Int: 19    God:
Gold: 128           SH:  0    Dex: 12    Spells: 3/6 levels left

rFire   . . .      SeeInvis .   (no weapon)
rCold   . . .      Faith    .   (no shield)
rNeg    + . .      Spirit   .   (helmet restricted)
rPois   .          Reflect  .   (no amulet)
rElec   .          Harm     .   k - ring of positive energy
rCorr   .          Rampage  .   (no ring)
Will    .....                   (no ring)
Stlth   +++.......              (no ring)
HPRegen 0.06/turn               (no ring)
MPRegen 0.10/turn               (no ring)
                                (no ring)
                                (no ring)

@: drained
A: almost no armour, amphibious, 8 rings, camouflage 1, gelatinous body 1,
(nimble swimmer 1), tentacles
a: no special abilities


You were on level 2 of the Dungeon.
You visited 1 branch of the dungeon, and saw 3 of its levels.

You collected 128 gold pieces.

Inventory:

Missiles
 a - 6 javelins
 d - 35 arrows
 g - 5 poisoned darts
 h - 126 stones
Jewellery
 k - a ring of positive energy (left tentacle)
Wands
 o - a wand of flame (23)
Potions
 m - a potion of mutation


   Skills:
 + Level 0.1 Fighting
 + Level 2.3 Dodging
 + Level 3.4 Stealth
 + Level 2.4 Spellcasting
 + Level 1.3 Conjurations
 + Level 3.6 Fire Magic


You had 3 spell levels left.
You knew the following spells:

 Your Spells              Type           Power      Damage    Failure   Level
a - Foxfire               Conj/Fire      44%        2x1d6     6%          1
b - Scorch                Fire           32%        2d7       5%          2

Your spell library contained the following spells:

 Spells                   Type           Power      Damage    Failure   Level
 Conjure Flame            Conj/Fire      11%        6-21      17%         3
 Inner Flame              Hex/Fire       9%         N/A       22%         3
 Flame Wave               Conj/Fire      11%        2d5       50%         4


Dungeon Overview and Level Annotations

Branches:
Dungeon (3/15)

Altars:
Xom

Annotations:
D:2 1 runed translucent door, Crazy Yiuf


Innate Abilities, Weirdness & Mutations

You cannot wear most types of armour.
You are amphibious.
You can wear up to eight rings at the same time.
Your skin changes colour to match your surroundings (Stealth+).
Your rubbery body absorbs attacks. (AC +1, EV +1)
((You are camouflaged when in or above water. (Stealth+)))
You have tentacles for arms and can constrict up to eight enemies at once.


Message History

An orc comes into view. It is wielding a +0 hand axe.
Casting: Scorch (safe; 5% risk of failure)
Confirm with . or Enter, or press ? or * to list all spells.
You conjure some foxfire!
The orc shouts!
An orc priest comes into view. It is wielding a +0 hand axe.
The foxfire hits the orc.
The orc is moderately wounded.
The foxfire hits the orc.
The orc is almost dead.
Casting: Foxfire (safe; 6% risk of failure)
Confirm with . or Enter, or press ? or * to list all spells.
You don't have enough magic to cast this spell.
Casting: Foxfire (safe; 6% risk of failure)
Confirm with . or Enter, or press ? or * to list all spells.
You conjure some foxfire!
The foxfire hits the orc.
You kill the orc!
The foxfire hits the orc but does no damage.
The orc priest invokes the aid of Beogh against you.
Beogh smites you!
A goblin comes into view. It is wielding a +0 club.
There is a stone staircase leading up here.
The orc hits you with a +1 short sword of draining.
* * * LOW HITPOINT WARNING * * *
You partially resist.
You feel drained.
You climb upwards.
Level annotation: 1 runed translucent door, Crazy Yiuf
There is a stone staircase leading down here.
The orc hits you with a +1 short sword of draining.
* * * LOW HITPOINT WARNING * * *
You partially resist.
You feel drained.
Casting: Foxfire (safe; 6% risk of failure)
Confirm with . or Enter, or press ? or * to list all spells.
You don't have enough magic to cast this spell.
Casting: Foxfire (safe; 6% risk of failure)
Confirm with . or Enter, or press ? or * to list all spells.
You conjure some foxfire!
The orc hits you with a +1 short sword of draining.
You die...

#.....##.##.########...#.####.###
###.####.#...####.....###........
#.# #...............#.#.......
#.# ###...####.##.##.##.......
#.# ##.#.....##....##....... #.#
#.#.#.#.#####.##....... #.#
#...........#.##....... #.#
##..#.#.###............ #.#
#...v@.# ###.##....... #.#
#.##v#o#####.##..##... #.#
#.##.#...........##... #.#
#.##.##..##>.##..###.. #.#
#.##.##..##......# ##. #.#
#..<.....##......####. ##.##
####.###.##..._.......
##...######## #.# #.##......####.
#...........# #.# #..........###.


You could see an orc (ally target).

Vanquished Creatures
  A worm (D:2)
  A dart slug (D:1)
  2 orcs (D:3)
  4 endoplasms
  2 giant cockroaches
  6 hobgoblins
  3 kobolds
  2 quokkas (D:1)
  4 ball pythons
  3 bats (D:1)
  4 frilled lizards
  6 goblins
  4 rats (D:2)
42 creatures vanquished.

Vanquished Creatures (others)
  74 foxfires
74 creatures vanquished.

Grand Total: 116 creatures vanquished

Notes
Turn   | Place    | Note
-------+----------+-------------------------------------------
     0 | D:1      | croobank the Octopode Fire Elementalist began the quest for
                  | the Orb.
     0 | D:1      | Reached XP level 1. HP: 11/11 MP: 3/3
   212 | D:1      | Reached XP level 2. HP: 17/17 MP: 0/5
   215 | D:1      | Learned a level 2 spell: Scorch
  1079 | D:1      | Reached XP level 3. HP: 21/21 MP: 4/6
  1550 | D:2      | Found a shimmering altar of Xom.
  2442 | D:2      | Found a runed translucent door.
  2443 | D:2      | Noticed Crazy Yiuf
  2874 | D:2      | Slain by an orc

Illustrated notes

Levels and vault maps discovered:
D:1:      lightli_arrival_quake, layout_loops_corners, minmay_misc_feat_rugged
D:2:      layout_loops_ring, basic_altar, uniq_crazy_yiuf_cottage
D:3:      layout_rooms, zin_academy, shapermc_ecumenical_altar_pompeii,
          st_stairs_6, uniq_sigmund

Skill      XL: |  1  2 |
---------------+-------+-----
Stealth        | 3 |  3.4
Fighting       | |  0.1
Dodging        | |  2.3
Spellcasting   | |  2.4
Conjurations   | |  1.3
Fire Magic     | |  3.6

Action                   || total
-------------------------++-------
Melee: Unarmed           ||    35
       Constrict         ||     8
       Tentacles         ||     5
       Punch             ||     1
 Cast: Foxfire           ||    46
       Scorch            ||     8
  Use: Scroll            ||     8
 Stab: Sleeping          ||     2
Armor: Skin              ||     3
Dodge: Dodged            ||    22
